 Dungeon Crawl Stone Soup version 0.22.0-18-ge075c0d (webtiles) character file.

48 Inarius the Ruffian (level 3, -3/33 HPs)
             Began as a Ghoul Monk on Aug 18, 2018.
             Slain by Natasha (5 damage)
             ... on level 2 of the Dungeon.
             The game lasted 00:02:53 (1350 turns).

Inarius the Ruffian (Ghoul Monk)                    Turns: 1350, Time: 00:02:54

Health: -3/33      AC:  8    Str: 15    XL:     3   Next: 72%
Magic:  2/2        EV:  7    Int:  5    God:
Gold:   44         SH:  0    Dex: 11    Spells: 2/2 levels left

rFire    . . .     SeeInvis +     - Unarmed
rCold    + . .     Gourm    .   (no shield)
rNeg     + + +     Faith    .   k - +0 chain mail
rPois    ∞         Spirit   .   (no helmet)
rElec    .         Reflect  .   (no cloak)
rCorr    .         Harm     .   (no gloves)
MR       .....                  (no boots)
Stlth    ..........             (no amulet)
HPRegen  0.00/turn              a - ring of see invisible
MPRegen  0.08/turn              (no ring)

@: rotting, slowed, very slow
A: rotting body, claws 1, carnivore, cold resistance 1, negative energy
resistance 3, inhibited regeneration, torment resistance, unbreathing
a: no special abilities


You were on level 2 of the Dungeon.
You were not hungry.

You visited 1 branch of the dungeon, and saw 2 of its levels.

You collected 44 gold pieces.

Inventory:

Armour
 k - a +0 chain mail (worn)
Jewellery
 a - a ring of see invisible (left claw)
Scrolls
 f - 2 scrolls of fear {unknown}
 g - a scroll of immolation {unknown}
 h - a scroll of magic mapping {unknown}
 i - a scroll of noise {unknown}
 j - a scroll of enchant weapon {unknown}
 m - a scroll of identify {unknown}
 n - a scroll of enchant armour {unknown}
Potions
 c - a potion of might {unknown}
 e - a potion of lignification {unknown}
 l - a potion of ambrosia {unknown}
Comestibles
 b - 2 rations
 d - 9 chunks of flesh


   Skills:
 + Level 3.8 Fighting
 + Level 0.5 Armour
 + Level 3.1 Dodging
 - Level 2.1 Stealth
 + Level 4.1 Unarmed Combat


You had 2 spell levels left.
You didn't know any spells.
Your spell library was empty.

Dungeon Overview and Level Annotations

Branches:
Dungeon (2/15)

Altars:

Annotations:
D:2 Natasha


Innate Abilities, Weirdness & Mutations

Your body is rotting away.
You thrive on raw meat.
You are immune to poison.
You have sharp fingernails.
You are carnivorous and can eat meat at any time.
Your flesh is cold resistant. (rC+)
You are immune to negative energy. (rN+++)
You do not regenerate when monsters are visible.
You are immune to unholy pain and torment.
You can survive without breathing.


Message History

Eat one of 11 chunks of flesh? (ye/n/q)
You eat one of the 11 chunks of flesh.
This raw flesh tastes great!
Natasha claws you but does no damage. The worker ant bites you.
* * * LOW HITPOINT WARNING * * *
The shadow imp hits you but does no damage.
Unknown command.
Unknown command.
Unknown command.
Eat one of 10 chunks of flesh? (ye/n/q)
You eat one of the 10 chunks of flesh.
This raw flesh tastes great!
The crimson imp disappears in a puff of smoke!
The worker ant bites you.
* * * LOW HITPOINT WARNING * * *
Natasha casts a spell at you. You resist with significant effort.
The shadow imp completely misses you.
You hear a distant slurping noise.
The worker ant bites you.
* * * LOW HITPOINT WARNING * * *
Natasha claws you.
You die...

.. .# #.# . #.## #.# . ....
#..#.#.#. ###
#.#.#.#.#.....
#.....5..h....
##############.#h#.##.##...
..............§5@#.#..#
#.##.............a..#
..##.#....>##....#.##
#.##.#.#...#......##
.).#.#.#...#.#...#
#.>#.#.#####.#..##
#..#.#.## ###### ........#
.#.....##


You could see a worker ant, Natasha and a shadow imp.

Vanquished Creatures
  A leopard gecko (D:1)
  3 orcs (D:2)
  A giant cockroach (D:2)
  4 goblins
  3 hobgoblins
  5 jackals (D:1)
  A quokka (D:2)
  10 bats
  7 frilled lizards (D:1)
  6 kobolds
  5 rats
46 creatures vanquished.

Vanquished Creatures (others)
  4 toadstools (D:2)
4 creatures vanquished.

Grand Total: 50 creatures vanquished

Notes
Turn   | Place    | Note
-------+----------+-------------------------------------------
     0 | D:1      | Inarius the Ghoul Monk began the quest for the Orb.
     0 | D:1      | Reached XP level 1. HP: 19/19 MP: 0/0
   153 | D:1      | Reached XP level 2. HP: 15/26 MP: 1/1
   585 | D:1      | Reached XP level 3. HP: 30/33 MP: 2/2
  1138 | D:2      | Reached skill level 4 in Unarmed Combat
  1315 | D:2      | Noticed Natasha
  1350 | D:2      | Slain by Natasha

Skill      XL: |  1  2  3 |
---------------+----------+-----
Dodging        | 3 |  3.1
Unarmed Combat | 4 |  4.1
Fighting       | |  3.8
Armour         | |  0.5
Stealth        | |  2.1

Action                   || total
-------------------------++-------
Melee: Unarmed           ||   140
       Punch             ||     1
 Stab: Sleeping          ||     6
  Eat: Chunk             ||    20
Armor: Robe              ||     9
       Leather armour    ||     7
       Chain mail        ||    71
Dodge: Dodged            ||    90
